 Dungeon Crawl Stone Soup version 0.22.1-2-g9c5b331383 (webtiles) character file.

54 Gargoyl the Skirmisher (level 3, -5/31 HPs)
             Began as a Centaur Abyssal Knight on Dec 10, 2018.
             Was a Follower of Lugonu.
             Slain by a gnoll
             ... wielding a +0 whip
              (9 damage)
             ... on level 2 of the Dungeon.
             The game lasted 00:02:41 (1350 turns).

Gargoyl the Skirmisher (Centaur Abyssal Knight)     Turns: 1350, Time: 00:02:42

Health: -5/31      AC:  8    Str: 14    XL:     3   Next: 66%
Magic:  4/4        EV:  9    Int: 11    God:    Lugonu [*.....]
Gold:   78         SH:  0    Dex:  9    Spells: 2/2 levels left

rFire    . . .     SeeInvis .   a - +2 hand axe
rCold    + . .     Gourm    .   (no shield)
rNeg     . . .     Faith    .   e - +0 robe of Okawaru's Castigation {rC+}
rPois    .         Spirit   .   (no helmet)
rElec    .         Reflect  .   k - +0 cloak
rCorr    .         Harm     .   (no gloves)
MR       .....                  (no barding)
Stlth    +.........             (no amulet)
HPRegen  0.10/turn              d - +3 ring of protection
MPRegen  0.09/turn              (no ring)

@: very quick
A: large, hooves 3, deformed body, speed 2, tough skin 3
a: Depart the Abyss, Renounce Religion


You were on level 2 of the Dungeon.
You worshipped Lugonu.
Lugonu was aware of your devotion.
You were not hungry.

You visited 1 branch of the dungeon, and saw 2 of its levels.
You visited the Abyss 1 time.

You collected 78 gold pieces.

Inventory:

Hand Weapons
 a - a +2 hand axe (weapon)
Missiles
 b - 7 tomahawks (quivered)
Armour
 e - the +0 robe of Okawaru's Castigation (worn) {rC+}
   (You found it on level 2 of the Abyss)

   It protects you from cold.
 k - a +0 cloak (worn)
Jewellery
 d - a +3 ring of protection (left hand)
 f - an uncursed amulet of the acrobat {unknown}
Scrolls
 h - a scroll of random uselessness {unknown}
 i - a scroll of remove curse
Potions
 g - a potion of agility {unknown}
 j - a potion of lignification {unknown}
Comestibles
 c - 3 rations


   Skills:
 + Level 3.6 Fighting
 + Level 2.3 Axes
 + Level 0.2 Throwing
 + Level 1.9 Armour
 + Level 1.1 Dodging
 + Level 2.0 Invocations


You had 2 spell levels left.
You didn't know any spells.
Your spell library was empty.

Dungeon Overview and Level Annotations

Branches:
Dungeon (2/15)

Altars:


Innate Abilities, Weirdness & Mutations

You have hooves in place of feet.
Armour fits poorly on your strangely shaped body.
You cover ground very quickly.
You have extremely tough skin. (AC +3)


Message History

The gnoll hits you with a spear!
You hit the gnoll.
The gnoll is moderately wounded.
You hit the gnoll but do no damage. The gnoll hits you with a spear.
The gnoll closely misses you.
You hit the gnoll.
The gnoll is severely wounded.
You hit the gnoll. The gnoll hits you but does no damage. The gnoll hits you.
The gnoll hits you with a spear.
Unknown command.
You slash the gnoll!
You kill the gnoll!
Lugonu accepts your kill.
You closely miss the gnoll. The gnoll barely misses you.
You hit the gnoll. You kick the gnoll.
The gnoll is severely wounded.
You hit the gnoll but do no damage. The gnoll hits you!
* * * LOW HITPOINT WARNING * * *
The gnoll hits you with a whip!
You die...

..........# #.#.........
.........)####.#.........
........#...†..#.........
#####......#####.........
#.####.# #....<.... #.
#.#####.........
#.####....##.........
#.#.#.#.#.#g.........
.#.#.#.#.#@#.........
##.#.#.#)#(#gb........
#.#.#.#.#.#.#.........
##.#.#.#.#.#..........
#.#.#.#.#.#.#.........
##.#.#.#.#.#.........
#.#.#.#.#.#.###+####
##.#.#.#.#.#.#
.......#.#.#.#.#.#.!


You could see 2 gnolls and a bat.

Vanquished Creatures
  A gnoll (D:2)
  An adder (D:2)
  A dart slug (D:1)
  2 leopard geckos
  A giant cockroach (D:1)
  5 goblins
  3 hobgoblins
  A quokka (D:2)
  5 bats
  2 frilled lizards (D:1)
  9 kobolds
  A rat (D:1)
32 creatures vanquished.

Notes
Turn   | Place    | Note
-------+----------+-------------------------------------------
     0 | Abyss:1  | Gargoyl the Centaur Abyssal Knight began the quest for the
                  | Orb.
     0 | Abyss:1  | Reached XP level 1. HP: 19/19 MP: 2/2
    28 | Abyss:1  | Found a stormy altar of Qazlal.
    63 | Abyss:2  | Noticed an apocalypse crab
    82 | Abyss:2  | Got a smoking robe
    85 | D:1      | Escaped the Abyss
    96 | D:1      | Identified the +0 robe of Okawaru's Castigation {rC+} (You
                  | found it on level 2 of the Abyss)
   317 | D:1      | Reached XP level 2. HP: 15/26 MP: 3/3
   714 | D:1      | Reached * piety under Lugonu
   715 | D:1      | Reached skill level 1 in Dodging
  1142 | D:2      | Reached XP level 3. HP: 30/31 MP: 4/4
  1350 | D:2      | Slain by a gnoll

Skill      XL: |  1  2 |
---------------+-------+-----
Dodging        | 1 |  1.1
Axes           | 2 |  2.3
Fighting       | |  3.6
Throwing       | |  0.2
Armour         | |  1.9
Invocations    | |  2.0

Action                   || total
-------------------------++-------
Melee: Hand axe          ||    69
       Kick              ||    14
Throw: Tomahawk          ||    11
Invok: Depart the Abyss  ||     1
  Use: Scroll            ||     3
  Eat: Chunk             ||     1
Armor: Robe              ||    40
Dodge: Dodged            ||    39
